 Dungeon Crawl Stone Soup version 0.27-a0-1324-ge0d8e047f6 (webtiles) character file.

Game seed: 4583444178916142813

2857 ziltoidlt the Summoner (level 9, -33/45 HPs)
             Began as an Octopode Summoner on June 23, 2021.
             Was a Follower of Hepliaklqana.
             Annihilated by an orc knight (43 damage)
             ... in a bailey on June 24, 2021.
             The game lasted 00:55:38 (9583 turns).

ziltoidlt the Summoner (Octopode Summoner)          Turns: 9583, Time: 00:55:39

Health: -33/45     AC:  1    Str:  7    XL:     9   Next: 75%
Magic:  3/18       EV: 17    Int: 21    God:    Hepliaklqana [*.....]
Gold:   67         SH:  0    Dex: 12    Spells: 2/20 levels left

rFire    + . .     SeeInvis .   a - +2 dagger (vamp)
rCold    . . .     Faith    .   (no shield)
rNeg     . . .     Spirit   .   (helmet restricted)
rPois    .         Reflect  .   (no amulet)
rElec    .         Harm     .   e - ring of protection from fire
rCorr    .         Rampage  .   n - ring of wizardry
Will     .....                  m - +4 ring of evasion
Stlth    +++++.....             (no ring)
HPRegen  0.15/turn              (no ring)
MPRegen  0.16/turn              (no ring)
                                (no ring)
                                (no ring)

@: marked
A: reduced essence, almost no armour, amphibious, 8 rings, camouflage 1,
gelatinous body 1, (nimble swimmer 1), tentacles
a: Renounce Religion, Recall Ancestor, Ancestor Identity


You were in a bailey.
You worshipped Hepliaklqana.
Hepliaklqana was aware of your devotion.
You visited 2 branches of the dungeon, and saw 9 of its levels.
You also visited: Bailey.

You collected 229 gold pieces.
You spent 162 gold pieces at shops.

Inventory:

Hand Weapons
 a - a +2 vampiric dagger (weapon)
 b - a +0 hunting sling
 w - a +1 vorpal spear
Missiles
 d - 23 poisoned darts
 h - 45 sling bullets
 j - 51 stones
Armour
 v - a +1 kite shield
Magical Staves
 u - a staff of earth
Jewellery
 e - a ring of protection from fire (left tentacle)
 m - a +4 ring of evasion (on tentacle)
 n - a ring of wizardry (right tentacle)
Wands
 c - a wand of mindburst (5)
 r - a wand of acid (9)
Scrolls
 k - a scroll of summoning
 l - a scroll of identify
 o - 2 scrolls of immolation
 x - a scroll of enchant armour
Potions
 f - 2 potions of brilliance
 g - 3 potions of attraction
 i - 3 potions of curing
 p - a potion of cancellation {unknown}
 q - a potion of mutation {unknown}
 s - a potion of might {unknown}
 t - a potion of berserk rage {unknown}


   Skills:
 - Level 0.1 Fighting
 - Level 0.1 Polearms
 - Level 2.0 Dodging
 + Level 7.7 Stealth
 - Level 6.0 Spellcasting
 + Level 2.9 Conjurations
 - Level 8.1 Summonings
 + Level 0.7 Transmutations
 - Level 4.0 Ice Magic
 - Level 4.0 Air Magic
 + Level 2.9 Earth Magic


You had 2 spell levels left.
You knew the following spells:

 Your Spells              Type           Power      Damage    Failure   Level
a - Stone Arrow           Conj/Erth      36%        3d9       3%          3
b - Call Canine Familiar  Summ           40%        N/A       1%          3
c - Summon Ice Beast      Ice/Summ       31%        N/A       3%          4
d - Summon Lightning Spi  Summ/Air       31%        N/A       3%          4
e - Petrify               Tmut/Erth      14%        N/A       17%         4

Your spell library contained the following spells:

 Spells                   Type           Power      Damage    Failure   Level
 Sandblast                Erth           36%        2d10      1%          1
 Summon Small Mammal      Summ           100%       N/A       1%          1
 Call Imp                 Summ           40%        N/A       1%          2
 Passwall                 Tmut/Erth      11%        N/A       2%          2
 Summon Guardian Golem    Hex/Summ       23%        N/A       2%          3
 Lee's Rapid Deconstruct  Erth           9%         3d8*      32%         5


Dungeon Overview and Level Annotations

Branches:
Dungeon (8/15)             Temple (1/1) D:6          Bailey (1/1)
   Lair: D:8-11

Altars:
Ashenzari
Cheibriados
Dithmenos
Fedhas
Gozag
Hepliaklqana
Kikubaaqudgha
Makhleb
Nemelex Xobeh
Qazlal
Ru
Sif Muna
Uskayaw
Vehumet
Wu Jian
Xom
Yredelemnul
Zin

Shops:
D:1 (   D:4 (

Annotations:
D:8 Erica


Innate Abilities, Weirdness & Mutations

Your life essence is reduced to manifest your ancestor. (-10% HP)
You cannot wear most types of armour.
You are amphibious.
You can wear up to eight rings at the same time.
Your skin changes colour to match your surroundings (Stealth+).
Your rubbery body absorbs attacks. (AC +1, EV +1)
((You are camouflaged near water. (Stealth+)))
You have tentacles for arms and can constrict up to eight enemies at once.


Message History

You barely miss the orc knight. Your grab misses the orc knight.
The orc knight is moderately wounded.
Your ice beast barely misses the orc knight.
The orc knight roars a battlecry!
The orc knight goes into a battle-frenzy!
The orc knight misses you.
The orc knight hits your ice beast with a +0 war axe.
The orc knight hits your ice beast with a +0 war axe!!
Your ice beast dies!
The orc knight hits Chitaul with a +0 war axe!
A goblin comes into view. It is wielding a +0 hand axe.
Your ice beast closely misses the orc knight.
Chitaul barely misses the orc knight.
Your ice beast hits the goblin.
The goblin dies!
You feel a sense of dread.
a - a +2 vampiric dagger (weapon)
The orc knight barely misses you.
The orc knight hits your ice beast with a +0 war axe!!
Your ice beast dies!
The orc knight hits Chitaul with a +0 war axe!!
Chitaul is destroyed!
An orc warrior comes into view. It is wielding a +0 hand axe.
The orc knight misses you.
The orc knight hits your ice beast with a +0 war axe!
The orc knight completely misses you.
The orc knight barely misses your ice beast.
The orc warrior hits your ice beast but does no damage.
Things that are here:
a +0 hand axe; a +0 leather armour A goblin and a kobold come into view.
Your ice beast barely misses the orc knight.
The orc knight hits your ice beast with a +0 war axe!
The orc knight hits your ice beast with a +0 war axe!!
Your ice beast dies!
A goblin comes into view. It is wielding a +0 hand axe.
The orc warrior hits you with a +0 hand axe!!
* * * LOW HITPOINT WARNING * * *
The orc knight hits you with a +0 war axe!!!
Ouch! That really hurt!
You die... #≈g≈# K≈.≈K ##≈g≈## K≈o≈K

##≈g≈#
K≈o≈
##o##
##o@.##
#8o)^8#
##.∩.##
##8##
###


You could see 2 orc knights, 3 orc warriors, 3 goblins and 4 kobolds.

Vanquished Creatures
  Grinder (D:6)
  A yak (D:7)
  Eustachio (D:4)
  Edmund (D:4)
  3 necrophages
  2 sky beasts
  A scorpion (D:4)
  An orc priest (D:6)
  2 centaur skeletons
  A hound (D:6)
  An adder (D:2)
  5 endoplasms
  5 giant cockroaches
  2 goblins (D:1)
  5 hobgoblins
  A jackal (D:1)
  4 quokkas
  4 ball pythons
  2 bats (D:2)
  2 frilled lizards (D:1)
  4 kobolds
  2 rats
51 creatures vanquished.

Vanquished Creatures (collateral kills)
  A troll (D:8)
  A wraith (D:6)
  5 yaks (D:7)
  An orc warrior (D:7)
  7 necrophages
  2 ice beasts (D:7)
  3 ogres
  A centaur (D:7)
  A phantom (D:7)
  A kobold brigand (D:6)
  Blork the orc (D:6)
  A bullfrog (D:6)
  A water moccasin zombie (D:6)
  A water moccasin skeleton (D:4)
  A howler monkey (D:5)
  2 orc priests (D:7)
  A hound (D:4)
  Crazy Yiuf (D:5)
  A jelly (D:3)
  2 centaur skeletons (D:7)
  3 iguanas
  An orc wizard (D:7)
  4 gnolls (D:3)
  2 adders
  A shadow imp (D:6)
  2 white imps
  2 worms
  3 dart slugs
  8 orcs
  2 ball pythons
  A bat (D:1)
  4 goblins
  3 hobgoblins
  2 jackals (D:1)
  7 kobolds
  2 frilled lizards (D:1)
  2 rats
84 creatures vanquished.

Vanquished Creatures (others)
  2 ancestors
  2 bushes (D:4)
  12 plants (D:4)
16 creatures vanquished.

Grand Total: 151 creatures vanquished

Notes
Turn   | Place    | Note
-------+----------+-------------------------------------------
     0 | D:1      | ziltoidlt the Octopode Summoner began the quest for the
                  | Orb.
     0 | D:1      | Reached XP level 1. HP: 11/11 MP: 3/3
   139 | D:1      | Found Buov's Antique Weapon Boutique.
   288 | D:1      | Reached XP level 2. HP: 17/17 MP: 3/5
   566 | D:1      | Reached skill level 1 in Ice Magic
  1177 | D:2      | Reached XP level 3. HP: 19/21 MP: 2/6
  1367 | D:2      | Learned a level 3 spell: Call Canine Familiar
  2363 | D:3      | Found a faded altar of an unknown god.
  2427 | D:3      | Reached XP level 4. HP: 20/27 MP: 2/7
  2964 | D:3      | Noticed a necrophage
  2977 | D:3      | Killed a necrophage
  2978 | D:3      | Reached XP level 5. HP: 25/31 MP: 8/8
  3037 | D:3      | Learned a level 4 spell: Summon Ice Beast
  3128 | D:3      | Reached skill level 5 in Summonings
  4037 | D:4      | Noticed Edmund
  4088 | D:4      | Reached XP level 6. HP: 36/36 MP: 6/10
  4195 | D:4      | Killed Edmund
  4196 | D:4      | Reached skill level 5 in Stealth
  4546 | D:4      | Found a blossoming altar of Fedhas.
  4551 | D:4      | Noticed a necrophage
  4551 | D:4      | Noticed a necrophage
  4680 | D:4      | Noticed a necrophage
  4715 | D:4      | Found Uqeasa's Antique Weapon Shoppe.
  4725 | D:4      | Bought a runed spear for 162 gold pieces
  4782 | D:4      | Found a burning altar of Makhleb.
  4782 | D:4      | Noticed Eustachio
  4794 | D:4      | Killed Eustachio
  4795 | D:4      | Reached skill level 6 in Summonings
  4795 | D:4      | Reached XP level 7. HP: 31/41 MP: 11/11
  4976 | D:4      | Learned a level 4 spell: Summon Lightning Spire
  5448 | D:4      | Reached skill level 1 in Air Magic
  5585 | D:4      | Reached XP level 8. HP: 45/46 MP: 9/13
  5633 | D:4      | Found a blossoming altar of Fedhas.
  5737 | D:4      | Found Uqeasa's Antique Weapon Shoppe.
  5873 | D:4      | Found a burning altar of Makhleb.
  5967 | D:5      | Entered Level 5 of the Dungeon
  6795 | D:5      | Reached skill level 7 in Summonings
  6901 | D:5      | Found a runed translucent door.
  6902 | D:5      | Noticed Crazy Yiuf
  6915 | D:5      | Killed Crazy Yiuf
  7259 | D:6      | Found a staircase to the Ecumenical Temple.
  7276 | D:6      | Noticed Blork the orc
  7286 | D:6      | Killed Blork the orc
  7288 | D:6      | Noticed a wraith
  7303 | D:6      | Killed a wraith
  7336 | Temple   | Entered the Ecumenical Temple
  7446 | Temple   | Became a worshipper of Hepliaklqana the Forgotten
  7507 | D:6      | Noticed Grinder
  7560 | D:6      | Killed Grinder
  7561 | D:6      | Reached skill level 5 in Spellcasting
  7561 | D:6      | Reached XP level 9. HP: 51/51 MP: 1/16
  7758 | D:6      | Reached skill level 8 in Summonings
  8546 | D:7      | Reached skill level 1 in Conjurations
  8546 | D:7      | Reached skill level 1 in Earth Magic
  8696 | D:7      | Learned a level 3 spell: Stone Arrow
  9127 | D:7      | Reached * piety under Hepliaklqana
  9442 | D:7      | Learned a level 4 spell: Petrify
  9444 | D:8      | Noticed a troll
  9457 | D:8      | Killed a troll
  9495 | D:8      | Noticed Erica
  9537 | D:8      | Found a flagged portal.
  9546 | Bailey   | Entered a bailey
  9573 | Bailey   | Noticed an orc knight
  9573 | Bailey   | Noticed an orc knight
  9583 | Bailey   | Annihilated by an orc knight

Illustrated notes

Levels and vault maps discovered:
D:1:      tarquinn_simple_flora_water_f, layout_loops_ring, serial_shops, shop,
          minmay_tripent
D:2:      layout_basic, minmay_domino_4
D:3:      layout_basic, hellmonk_ecumenical_altar_blasted,
          minmay_tree_intersection, palyth_stone_intersect
D:4:      layout_rooms, lemuel_tele_altar, fedhas_altar_decomposition,
          serial_shops, shop, serial_glass, glass_columns_b, glass_columns_a,
          minmay_misc_feat_encased, uniq_edmund, uniq_eustachio
D:5:      layout_loops_corners, uniq_crazy_yiuf_cottage
D:6:      cheibrodos_quashed, layout_loops_ring,
          minmay_temple_entry_sparse_star, uniq_grinder, uniq_blork_the_orc
D:7:      layout_rooms
D:8:      layout_cave_pods, kennysheep_mini_moat, lemuel_doored_altar,
          enter_bailey_2, minivault_19, uniq_erica
Temple:   lightli_temple_of_artemis
Bailey:   bailey_axe_1, bailey

Skill      XL: |  1  2  3  4  5  6  7  8  9 |
---------------+----------------------------+-----
Stealth        | 3 4 5 6 7 |  7.7
Ice Magic      | 1 2 3 4 |  4.0
Summonings     | 5 6 7 8 |  8.1
Spellcasting   | 3 5 6 |  6.0
Air Magic      | 2 4 |  4.0
Conjurations   | 2 |  2.9
Earth Magic    | 2 |  2.9
Fighting       | |  0.1
Polearms       | |  0.1
Dodging        | |  2.0
Transmutations | |  0.7

Action                   |  1- 3 |  4- 6 |  7- 9 || total
-------------------------+-------+-------+-------++-------
Melee: Dagger            |    56 |    40 |    60 ||   156
       Constrict         |    14 |     6 |    17 ||    37
       Unarmed           |     2 |       |       ||     2
       Tentacles         |     9 |     7 |    15 ||    31
       Spear             |       |       |   100 ||   100
 Fire: Hunting sling     |     4 |    27 |    18 ||    49
Throw: Dart              |     4 |     1 |       ||     5
 Cast: Summon Small Mamm |    33 |     8 |       ||    41
       Call Canine Famil |       |    15 |    20 ||    35
       Summon Ice Beast  |       |       |    31 ||    31
       Summon Lightning  |       |       |     5 ||     5
       Stone Arrow       |       |       |     1 ||     1
Invok: Ancestor Identity |       |       |     1 ||     1
Evoke: Wand              |       |     1 |       ||     1
  Use: Scroll            |       |     6 |     3 ||     9
 Stab: Sleeping          |    11 |     1 |     4 ||    16
       Distracted        |     1 |       |       ||     1
Armor: Skin              |     5 |     1 |     3 ||     9
Dodge: Dodged            |    33 |    19 |    60 ||   112

Table legend: (Time is in decaauts)
 A = Elapsed time spent in this place.
 B = Non-inter-level travel time spent in this place.
 C = Inter-level travel time spent in this place.
 D = Time resting spent in this place.
 E = Time spent auto-exploring this place.
 F = Levels seen in this place.
 G = Mean time per level.
                   A        B        C        D        E       F      G
               +--------+--------+--------+--------+--------+-----+--------+
         Total |   9562 |   9188 |    374 |   2887 |   4616 |  10 |  956.2 |
       Dungeon |   9398 |   9040 |    358 |   2874 |   4509 |   8 | 1174.8 |
        Temple |    127 |    111 |     16 |      0 |    107 |   1 |  127.0 |
        Bailey |     36 |     36 |      0 |     13 |      0 |   1 |   36.0 |
               +--------+--------+--------+--------+--------+-----+--------+

Top non-repeatable levels by time:
     D:4: 1923 daAuts
     D:3: 1755 daAuts
     D:2: 1285 daAuts
     D:6: 1183 daAuts
     D:5: 1082 daAuts
     D:7: 1075 daAuts
     D:1: 989 daAuts
  Temple: 127 daAuts
     D:8: 102 daAuts
  Bailey: 36 daAuts
